 Dungeon Crawl Stone Soup version 0.18-a0-1788-g92de1ac (webtiles) character file.

72 SkaryMonk the Stinger (level 4, -2/27 HPs)
             Began as an Octopode Venom Mage on Apr 20, 2016.
             Was an Initiate of Fedhas.
             Slain by an adder (5 damage)
             ... on level 6 of the Dungeon.
             The game lasted 00:06:54 (1382 turns).

SkaryMonk the Stinger (Octopode Venom Mage)         Turns: 1382, Time: 00:06:56

Health: -2/27      AC:  1    Str:  7    XL:     4   Next: 26%
Magic:  0/7        EV: 12    Int: 18    God:    Fedhas [......]
Gold:   70         SH:  0    Dex: 12    Spells: 3 memorised, 1 level left

rFire  . . .     SeeInvis .     d - +0 dagger
rCold  . . .     Gourm    .     (no shield)
rNeg   . . .     Faith    .     (helmet restricted)
rPois  .         Spirit   .     (no amulet)
rElec  .         Dismiss  .     (no ring)
rCorr  .         Reflect  .     (no ring)
SustAt .         Harm     .     (no ring)
MR     .....                    (no ring)
Stlth  +++.......               (no ring)
                                (no ring)
                                (no ring)
                                (no ring)

@: not resistant to hostile enchantments, fairly stealthy
A: almost no armour, amphibious, 8 rings, constrict 8, camouflage 1, gelatinous
body 1
a: Renounce Religion


You were on level 6 of the Dungeon.
You worshipped Fedhas.
Fedhas was noncommittal.
You were not hungry.

You visited 1 branch of the dungeon, and saw 4 of its levels.

You collected 70 gold pieces.

Notes
Turn   | Place    | Note
--------------------------------------------------------------
     0 | D:1      | SkaryMonk the Octopode Venom Mage began the quest for the Orb.
     0 | D:1      | Reached XP level 1. HP: 11/11 MP: 3/3
     7 | D:1      | Noticed a polar bear
     7 | D:1      | Noticed a hound
     7 | D:1      | Noticed an anaconda
    40 | D:1      | Reached skill level 5 in Poison Magic
   132 | D:1      | Reached XP level 2. HP: 17/17 MP: 3/5
   280 | D:1      | Reached XP level 3. HP: 21/21 MP: 2/6
   404 | D:1      | Reached skill level 6 in Poison Magic
   470 | D:1      | Learned a level 2 spell: Cure Poison
   800 | D:2      | Found a blossoming altar of Fedhas.
   818 | D:2      | Became a worshipper of Fedhas Madash
  1076 | D:2      | Found a glowing silver altar of Zin.
  1077 | D:2      | Found an opulent altar of Gozag.
  1138 | D:2      | Reached XP level 4. HP: 23/27 MP: 0/7
  1231 | D:2      | Learned a level 3 spell: Mephitic Cloud
  1333 | D:3      | You fall through a shaft for 3 floors!
  1382 | D:6      | Slain by an adder

Inventory:

Hand Weapons
 c - a +2 whip of electrocution
 d - a +0 dagger (weapon)
 l - a +2 short sword of venom
Scrolls
 g - a scroll of amnesia
Books
 a - a Young Poisoner's Handbook

   Spells                             Type                      Level
   a - Sting                          Conjuration/Poison           1
   b - Cure Poison                    Poison                       2
   c - Mephitic Cloud                 Conjuration/Poison/Air       3
   d - Olgreb's Toxic Radiance        Poison                       4
   e - Venom Bolt                     Conjuration/Poison           5
Comestibles
 b - 2 bread rations
 f - a meat ration
 i - a chunk of flesh
 j - 2 slices of pizza

Table legend:
 A = Turns spent in this place as a percentage of turns spent in the entire game.
 B = Non-inter-level travel turns spent in this place as a percentage of non-inter-level travel turns spent in the entire game.
 C = Inter-level travel turns spent in this place as a percentage of turns spent in this place.
 D = Turns resting spent in this place as a percentage of non-inter-level travel turns spent in this place.
 E = Turns spent auto-exploring this place as a percentage of non-inter-level travel turns spent in this place.
 F = Non-inter-level travel turns spent in this place divided by the number of levels of this place that you've seen.
                   A       B       C       D       E      F
               +-------+-------+-------+-------+-------+----------------------
         Total | 100.0 | 100.0 |   0.8 |   1.0 |  13.9 |  98.8
       Dungeon | 100.0 | 100.0 |   0.8 |   1.0 |  13.9 |  98.8
               +-------+-------+-------+-------+-------+----------------------


   Skills:
 - Level 2.0 Dodging
 - Level 2.6 Stealth
 - Level 2.0 Spellcasting
 + Level 6.8 Poison Magic


You had one spell level left.
You knew the following spells:

 Your Spells              Type           Power        Failure   Level  Hunger
a - Sting                 Conj/Pois      ##..         6%          1    #......
b - Cure Poison           Pois           ####......   1%          2    ###....
c - Mephitic Cloud        Conj/Pois/Air  ##......     24%         3    ###....


Dungeon Overview and Level Annotations

Branches:
Dungeon (3/15)

Altars:
Fedhas
Gozag
Zin


Innate Abilities, Weirdness & Mutations

You cannot wear most types of armour.
You are amphibious.
You can wear up to eight rings at the same time.
You can use your tentacles to constrict eight enemies at once.
Your skin changes colour to match your surroundings (Stealth).
Your rubbery body absorbs attacks (AC +1).


Message History

* * * LOW HITPOINT WARNING * * *
You are poisoned.
The adder poisons you!
A hound skeleton comes into view.
* * * LOW HITPOINT WARNING * * *
You feel sick.
The hound is engulfed in noxious fumes.
The hound appears confused.
The hound is engulfed in noxious fumes.
The hound appears confused.
The adder bites you.
* * * LOW HITPOINT WARNING * * *
You are more poisoned.
The adder poisons you!
You aren't carrying any potions.
Unknown command.
Casting: Mephitic Cloud
Confirm with . or Enter, or press ? or * to list all spells.
You are no longer poisoned.
The hound is engulfed in noxious fumes.
The hound appears confused.
The adder bites you.
You die...
Fedhas appreciates your contribution to the ecosystem.

#.# #.# #.#
#.# #o#
###.# #
###.#.#
#..#.#...#h#
#.....@S.#.#
#.##.#...§h#
#...#§###
#...#.#
#..Z#.#
#...#.#
......#
...#>###


You could see a hound (confused), an adder and a hound skeleton.

Table legend:
 A = Kills in this place as a percentage of kills in entire the game.
 B = Kills by you in this place as a percentage of kills by you in the entire game.
 C = Kills by friends in this place as a percentage of kills by friends in the entire game.
 D = Other kills in this place as a percentage of other kills in the entire game.
 E = Experience gained in this place as a percentage of experience gained in the entire game.
 F = Experience gained in this place divided by the number of levels of this place that you have seen.
                   A       B       C       D       E      F
               +-------+-------+-------+-------+-------+----------------------
         Total | 100.0 | 100.0 |  -nan |  -nan | 100.0 |  26.0
       Dungeon | 100.0 | 100.0 |  -nan |  -nan | 100.0 |  26.0
               +-------+-------+-------+-------+-------+----------------------

Vanquished Creatures
  A gnoll (D:1)
  2 adders
  2 worms (D:2)
  4 giant geckos
  2 ball pythons (D:1)
  2 giant cockroaches (D:2)
  A goblin (D:1)
  3 hobgoblins
  4 kobolds
  A quokka (D:3)
  8 bats
  4 giant newts
  2 rats (D:1)
36 creatures vanquished.

Vanquished Creatures (others)
  10 toadstools (D:2)
10 creatures vanquished.

Grand Total: 46 creatures vanquished

Action                   |  1- 3 |  4- 6 || total
-------------------------+-------+-------++-------
Melee: Dagger            |    26 |     7 ||    33
       Constrict         |     6 |     2 ||     8
       Tentacles         |     5 |     2 ||     7
 Cast: Sting             |    50 |     7 ||    57
       Cure Poison       |     1 |     1 ||     2
       Mephitic Cloud    |       |     3 ||     3
  Use: Potion            |     4 |       ||     4
       Scroll            |     3 |     2 ||     5
 Stab: Sleeping          |     1 |       ||     1
       Confused          |       |     1 ||     1
  Eat: Chunk             |     2 |     1 ||     3
Armor: Skin              |     1 |     1 ||     2
Dodge: Dodged            |    14 |     9 ||    23

Vault maps used:
D:1:      onia_arrival_zoo_common, minmay_misc_feat_tower
D:2:      grunt_temple_overflow_gold_and_silver, old_standard_altar
D:3:      gup_sewer_entry_spiral, minmay_item_behind_shaft, st_stairs_1,
          serial_park_tiny_1
D:6:      hangedman_abyss_or_decor_stagger, uniq_eustachio, uniq_duvessa,
          uniq_pikel
